Selects Luftwaffe Battlegroup
Selects Luftwaffe Pioneer Support
Fallschirmpioneer Squad Paradrop
Construct Infanterie Kompanie
Fallschirmpioneer Squad Paradrop
Construct Luftwaffe Kompanie
Fallschirmpioneer Squad Paradrop
Selects Stuka Strafing Run
Selects Flak 38 Anti-Air Emplacement
Construct Panzergrenadier Kompanie
Construct Panzergrenadier Kompanie
Nebelwerfer 42 Rocket Launcher Team
Nebelwerfer 42 Rocket Launcher Team
Selects Infantry Reserves
Marder III M Tank Destroyer
Marder III M Tank Destroyer
Selects Fallschirmjäger Squad Paradrop